 Dungeon Crawl Stone Soup version 0.29.0-4-gdea44cf6ec (webtiles) character file.

Game seed: 13161273171731933726

33718 qw the Cleaver (level 13, -2/80 HPs)
             Began as a Tengu Warper on Aug 28, 2022.
             Was a High Priest of Okawaru.
             Slain by a six-headed hydra (5 damage)
             ... on level 5 of the Lair of Beasts.
             The game lasted 00:01:34 (12193 turns).

qw the Cleaver (Tengu Warper)                      Turns: 12193, Time: 00:01:35

Health: -2/80      AC: 14    Str: 15    XL:     13   Next: 72%
Magic:  16/21      EV: 12    Int: 15    God:    Okawaru [*****.]
Gold:   949        SH: 13    Dex: 14    Spells: 16/16 levels left

rFire   + . .      SeeInvis +   b - +4 flail (freeze)
rCold   . . .      Faith    .   f - +0 kite shield
rNeg    . . .      Spirit   .   d - +0 chain mail
rPois   +          Reflect  .   t - +2 hat
rElec   .          Harm     .   w - scarf {repulsion}
rCorr   .          Rampage  .   (no gloves)
Will    .....                   (boots unavailable)
Stlth   ..........              c - amulet of regeneration
HPRegen 1.03/turn               j - ring of see invisible
MPRegen 0.17/turn               n - ring of protection from fire

@: heroic, finesse-ful, flying quickly and evasively, repel missiles, quick
A: beak, talons 3, nimble flight, poison resistance, wild magic 1
a: Renounce Religion, Heroism, Finesse, Duel


You were on level 5 of the Lair of Beasts.
You worshipped Okawaru.
Okawaru was extremely pleased with you.
You visited 3 branches of the dungeon, and saw 14 of its levels.

You collected 1261 gold pieces.
You spent 312 gold pieces at shops.


Innate Abilities, Weirdness & Mutations

You have a beak for a mouth.
You have claws for feet.
Your magical nature lets you fly swiftly and evasively.
Your system is resistant to poisons. (rPois)
Your spells are a little harder to cast, but a little more powerful.


   Skills:
 - Level 9.1(14.1) Fighting
 - Level 14.0(19.0) Axes
 - Level 4.4(9.4) Throwing
 - Level 7.2(12.2) Armour
 - Level 6.0(11.0) Dodging
 + Level 10.1(15.1) Shields
 - Level 2.0 Spellcasting
 - Level 2.4 Translocations
 - Level 10.0 Invocations


You had 16 spell levels left.
You didn't know any spells.
Your spell library contained the following spells:

 Spells                   Type           Power      Damage    Failure   Level
 Blink                    Tloc           22%        N/A       96%         2
 Gell's Gravitas          Tloc           11%        N/A       99%         3
 Lesser Beckoning         Tloc           11%        N/A       99%         3
 Teleport Other           Tloc           11%        N/A       99%         3
 Manifold Assault         Tloc           11%        N/A       100%        5

Inventory:

Hand Weapons
 b - a +4 flail of freezing (weapon)
 o - the +10 hand axe of Cowardice {vamp, Str+2}
   (You found it on level 5 of the Dungeon)

   It occasionally heals its wielder for a portion of the damage dealt when it
   wounds a living foe.
   Str:       It affects your strength (+2).
Missiles
 e - a boomerang (quivered)
Armour
 d - a +0 chain mail (worn)
 f - a +0 kite shield (worn)
 q - the +3 scale mail of Astas {Fly rCorr Int+3}
   (Okawaru gifted it to you on level 5 of the Lair of Beasts)

   Int:       It affects your intelligence (+3).
   Fly:       It grants you flight.
   rCorr:     It protects you from acid and corrosion.
 t - a +2 hat (worn)
 u - a +0 cloak
 w - a scarf of repulsion (worn)
Jewellery
 c - an amulet of regeneration (around neck)
 j - a ring of see invisible (left hand)
 k - a +6 ring of dexterity
 n - a ring of protection from fire (right hand)
 p - a ring of willpower
Scrolls
 a - 9 scrolls of identify
 l - a scroll of teleportation
 r - 3 scrolls of enchant weapon
Potions
 g - 2 potions of might
 h - 5 potions of curing
 i - 2 potions of haste
 m - 2 potions of resistance
 s - 4 potions of mutation

Dungeon Overview and Level Annotations

Branches:
Dungeon (8/15)             Temple (1/1) D:5            Lair (5/5) D:8
  Swamp (0/4) Lair:3        Snake (0/4) Lair:3        Slime (0/5) Lair:4

Altars:
Ashenzari
Cheibriados
Dithmenos
Elyvilon
Fedhas
Hepliaklqana
Kikubaaqudgha
Makhleb
Nemelex Xobeh
Okawaru
Qazlal
Ru
Uskayaw
Vehumet
Wu Jian
Yredelemnul
Zin
The Shining One
Jiyva

Shops:
D:6 (

Annotations:
D:8 3 runed translucent doors, qw's ghost, novice TeWr
Lair:5 1 runed translucent door


Message History

You hit the catoblepas. You freeze the catoblepas.
You claw the catoblepas, but do no damage.
The catoblepas is lightly wounded.
The rime drake misses you.
You thump the catoblepas! You freeze the catoblepas.
You claw the catoblepas, but do no damage.
The catoblepas is moderately wounded.
A manticore comes into view.
The catoblepas gores you!!
12186 ||| Stepping ~*~*~tactically~*~*~ (outnumbered).
You sock the rime drake! You freeze the rime drake. You claw the rime drake!
The rime drake is severely wounded.
You hit the catoblepas but do no damage.
You claw the catoblepas.
You peck the catoblepas, but do no damage.
The catoblepas is moderately wounded.
12189 ||| Stepping ~*~*~tactically~*~*~ (outnumbered).
The rime drake is engulfed in calcifying dust.
The rime drake is moving more slowly.
You sock the six-headed hydra! You freeze the six-headed hydra.
You claw the six-headed hydra! You peck the six-headed hydra.
The six-headed hydra is moderately wounded.
You barely miss the hornet. Your kick misses the hornet.
You peck the hornet, but do no damage.
The hornet is moderately wounded.
You block the six-headed hydra's attack.
The six-headed hydra bites you.
The six-headed hydra bites you but does no damage.
The six-headed hydra misses you.
You block the six-headed hydra's attack.
The six-headed hydra barely misses you.
The hornet stings you but does no damage.
You hit the hornet but do no damage. You claw the hornet.
You peck the hornet, but do no damage.
The hornet is heavily wounded.
You closely miss the hornet. Your peck misses the hornet.
The hornet is heavily wounded.
You block the hornet's attack. The catoblepas gores you!!
The six-headed hydra bites you! x2; The six-headed hydra bites you. x2
You die...

~~~~#.#.##...##.#.......#P....###
~~P~~#.####...#####....####......
~~P~~### #.....# #...### ##....#
7~~~######....## ##### ##....
.~......P##..#.######## #....
.[........#..###.#.P#.## #....
..#.....<.....##.......## ###....
.............##..y.#.#..###......
....##.#######..@DkH.....###...##
....#### ##..Y..#..... #.####
..#.# ####....#.# ... #.
).#########.##..##### . #. .##
#.#....#.......#
.######....##P..#...#
.##.#..#...##...#...#####
..#..P......##..###.#...#
....P.....####......#...###


You could see a catoblepas, a six-headed hydra, a manticore, a rime drake
(petrifying) and a hornet.

Vanquished Creatures
  A hydra (Lair:5)
  A boulder beetle (Lair:5)
  A catoblepas (Lair:5)
  Nergalle (Lair:1)
  3 lindwurms (Lair:5)
  An oklob plant (Lair:2)
  A manticore (Lair:5)
  A will-o-the-wisp (Lair:3)
  3 elephants (Lair:5)
  4 torpor snails (Lair:5)
  7 black mambas
  15 cane toads
  An unseen horror (D:8)
  5 rime drakes
  13 komodo dragons
  2 polar bears (Lair:4)
  A tyrant leech (Lair:5)
  8 hornets (Lair:5)
  18 blink frogs
  8 dream sheep
  4 wyverns
  14 yaks
  A steam dragon (D:8)
  A basilisk (Lair:5)
  3 nagas (Lair:3)
  An acid dragon (D:8)
  12 water moccasins
  4 black bears
  An orc warrior (D:7)
  5 wolves (Lair:4)
  2 ogres
  A centaur (D:7)
  2 phantoms
  12 bullfrogs
  2 necrophages
  3 scorpions
  14 wights
  An electric eel (Lair:5)
  3 jellies
  A gnoll bouda (D:6)
  2 iguanas
  Ijyb (D:5)
  Natasha (twice) (D:2)
  An orc wizard (D:6)
  7 hell rats (Lair:5)
  7 adders
  8 gnolls
  2 white imps
  An ufetubus (D:5)
  A worm (D:4)
  3 dart slugs
  13 orcs
  3 bats
  10 endoplasms
  4 giant cockroaches
  20 goblins
  10 hobgoblins
  5 jackals
  4 quokkas
  4 ball pythons
  2 frilled lizards
  9 kobolds
  5 rats (D:1)
306 creatures vanquished.

Vanquished Creatures (others)
  36 fungi
  60 plants
96 creatures vanquished.

Grand Total: 402 creatures vanquished

Notes
Turn   | Place    | Note
-------+----------+-------------------------------------------
     0 | D:1      | qw the Tengu Warper began the quest for the Orb.
     0 | D:1      | Reached XP level 1. HP: 12/12 MP: 4/4
     0 | D:1      | 0 ||| qw: Version: 0.1-a-89-g26bdef1
     0 | D:1      | 0 ||| qw: Game counter: 3411
     0 | D:1      | 0 ||| qw: Always use a shield: true
     0 | D:1      | 0 ||| qw: God list: Okawaru
     0 | D:1      | 0 ||| qw: Allow faded altars: false
     0 | D:1      | 0 ||| qw: Do Orc after D:15 true
     0 | D:1      | 0 ||| qw: Do second Lair branch before Depths: true
     0 | D:1      | 0 ||| qw: Lair rune preference: random
     0 | D:1      | 0 ||| qw: Plans: Normal
     0 | D:1      | 0 ||| PLANNING D:1-11
    73 | D:1      | 73 ||| Stepping ~*~*~tactically~*~*~ (stealth).
    87 | D:1      | 87 ||| Stepping ~*~*~tactically~*~*~ (stealth).
    97 | D:1      | Reached skill level 3 in Axes
    97 | D:1      | Reached XP level 2. HP: 5/17 MP: 6/6
   355 | D:1      | 355 ||| Stepping ~*~*~tactically~*~*~ (stealth).
   365 | D:1      | 365 ||| Stepping ~*~*~tactically~*~*~ (stealth).
   562 | D:1      | 562 ||| DROPPING +0 club.
   612 | D:1      | Reached XP level 3. HP: 21/21 MP: 7/7
   639 | D:1      | You fall into a shaft and drop 1 floor!
   649 | D:2      | Reached skill level 4 in Axes
   811 | D:2      | 811 ||| Stepping ~*~*~tactically~*~*~ (stealth).
   813 | D:2      | 813 ||| Stepping ~*~*~tactically~*~*~ (stealth).
   815 | D:2      | Noticed Natasha
   817 | D:2      | 817 ||| Stepping ~*~*~tactically~*~*~ (hiding).
   832 | D:2      | Killed Natasha
   833 | D:2      | Reached XP level 4. HP: 13/26 MP: 8/8
  1071 | D:2      | 1071 ||| UPGRADING to +0 kite shield.
  1076 | D:2      | 1076 ||| UPGRADING to +0 ring mail.
  1086 | D:2      | 1086 ||| DROPPING +0 leather armour.
  1087 | D:2      | 1087 ||| UPGRADING to +6 ring of dexterity.
  1088 | D:2      | 1088 ||| READING 2 scrolls labelled GOPUSHR ISYDGH.
  1089 | D:2      | 1089 ||| READING scroll labelled POAMAI UGEPS.
  1116 | D:2      | 1116 ||| Stepping ~*~*~tactically~*~*~ (stealth).
  1142 | D:2      | 1142 ||| Stepping ~*~*~tactically~*~*~ (stealth).
  1143 | D:2      | 1143 ||| READING scroll labelled ZOLLECUROL.
  1144 | D:2      | 1144 ||| DROPPING scroll of blinking.
  1169 | D:1      | 1169 ||| Stepping ~*~*~tactically~*~*~ (stealth).
  1204 | D:1      | 1204 ||| Stepping ~*~*~tactically~*~*~ (stealth).
  1327 | D:1      | 1327 ||| Stepping ~*~*~tactically~*~*~ (stealth).
  1329 | D:1      | 1329 ||| Stepping ~*~*~tactically~*~*~ (stealth).
  1505 | D:1      | 1505 ||| UPGRADING to amulet of regeneration.
  1510 | D:1      | 1510 ||| READING scroll labelled BOSUCH TOJUEGRA.
  1513 | D:1      | 1513 ||| DRINKING 2 fuming sapphire potions.
  1548 | D:2      | Reached skill level 1 in Shields
  1993 | D:2      | Noticed Natasha
  1994 | D:2      | 1994 ||| Stepping ~*~*~tactically~*~*~ (stealth).
  1996 | D:2      | 1996 ||| Stepping ~*~*~tactically~*~*~ (hiding).
  2003 | D:2      | Killed Natasha
  2004 | D:2      | Gained mutation: Your magical nature lets you fly swiftly
                  | and evasively. [Tengu growth]
  2004 | D:2      | Reached XP level 5. HP: 20/30 MP: 9/9
  2046 | D:2      | 2046 ||| DROPPING +0 whip.
  2121 | D:2      | 2121 ||| UPGRADING to ring of protection from fire.
  2122 | D:2      | 2122 ||| READING 2 scrolls of identify.
  2122 | D:2      | 2122 ||| IDENTIFYING puce potion
  2493 | D:3      | Reached skill level 3 in Shields
  2565 | D:3      | 2565 ||| Stepping ~*~*~tactically~*~*~ (hiding).
  2566 | D:3      | 2566 ||| Stepping ~*~*~tactically~*~*~ (hiding).
  2784 | D:3      | Found a hazy altar of Hepliaklqana.
  2793 | D:3      | 2793 ||| Stepping ~*~*~tactically~*~*~ (hiding).
  2818 | D:3      | Found a glowing silver altar of Zin.
  2869 | D:3      | Reached skill level 5 in Axes
  3089 | D:3      | 3089 ||| UPGRADING to +0 cloak.
  3094 | D:3      | 3094 ||| READING 3 scrolls labelled YZOEJI TERASIE.
  3095 | D:3      | 3095 ||| READING scroll labelled PUESHE VIMIES.
  3096 | D:3      | 3096 ||| READING scroll labelled JUJIKKU LEUWKO.
  3097 | D:3      | 3097 ||| READING scroll labelled ZUTEEMYXKO.
  3098 | D:3      | 3098 ||| DRINKING 2 ruby potions.
  3098 | D:3      | Gained mutation: Your spells are a little harder to cast,
                  | but a little more powerful. [potion of mutation]
  3098 | D:3      | Gained mutation: Your system is resistant to poisons.
                  | (rPois) [potion of mutation]
  3099 | D:3      | 3099 ||| READING 3 scrolls of identify.
  3099 | D:3      | 3099 ||| IDENTIFYING sapphire potion
  3100 | D:3      | 3100 ||| READING 2 scrolls of identify.
  3100 | D:3      | 3100 ||| IDENTIFYING cyan potion
  3101 | D:3      | 3101 ||| DROPPING potion of degeneration.
  3102 | D:3      | 3102 ||| DROPPING 2 scrolls of poison.
  3125 | D:4      | 3125 ||| STAIRDANCE
  3180 | D:4      | 3180 ||| Stepping ~*~*~tactically~*~*~ (stealth).
  3182 | D:4      | 3182 ||| Stepping ~*~*~tactically~*~*~ (stealth).
  3183 | D:4      | 3183 ||| Stepping ~*~*~tactically~*~*~ (stealth).
  3184 | D:4      | 3184 ||| Stepping ~*~*~tactically~*~*~ (stealth).
  3246 | D:4      | Reached skill level 6 in Axes
  3246 | D:4      | Reached XP level 6. HP: 35/35 MP: 10/10
  3512 | D:4      | 3512 ||| DRINKING 2 yellow potions.
  3556 | D:4      | 3556 ||| READING 3 scrolls of identify.
  3556 | D:4      | 3556 ||| IDENTIFYING amethyst potion
  3557 | D:4      | 3557 ||| READING 2 scrolls of identify.
  3557 | D:4      | 3557 ||| IDENTIFYING grey potion
  3558 | D:4      | 3558 ||| DROPPING potion of ambrosia.
  3559 | D:4      | 3559 ||| DROPPING potion of invisibility.
  3560 | D:4      | 3560 ||| DROPPING potion of lignification.
  3587 | D:5      | Entered Level 5 of the Dungeon
  3590 | D:5      | 3590 ||| STAIRDANCE
  3605 | D:5      | Reached skill level 3 in Dodging
  3605 | D:5      | Reached XP level 7. HP: 40/40 MP: 11/11
  3634 | D:5      | Found a staircase to the Ecumenical Temple.
  3635 | D:5      | 3635 ||| PLANNING TEMPLE
  3643 | Temple   | Entered the Ecumenical Temple
  3727 | Temple   | Became a worshipper of Warmaster Okawaru
  3946 | Temple   | 3946 ||| PLANNING D:1-11
  4023 | D:5      | Noticed Ijyb
  4032 | D:5      | Killed Ijyb
  4302 | D:5      | Reached skill level 7 in Axes
  4361 | D:5      | Reached * piety under Okawaru
  4362 | D:5      | Reached skill level 3 in Fighting
  4379 | D:5      | 4379 ||| Stepping ~*~*~tactically~*~*~ (stealth).
  4387 | D:5      | 4387 ||| DROPPING +1 whip of venom.
  4393 | D:5      | Identified the +10 hand axe of Cowardice {vamp, Str+2}
  4395 | D:5      | 4395 ||| SWAPPING to +10 hand axe of Cowardice {vamp,
                  | Str+2}.
  4396 | D:5      | 4396 ||| DROPPING +0 hand axe of venom.
  4658 | D:5      | 4658 ||| UPGRADING to +0 chain mail.
  4668 | D:5      | 4668 ||| DROPPING +0 ring mail.
  4669 | D:5      | 4669 ||| UPGRADING to ring of see invisible.
  4671 | D:5      | 4671 ||| READING 2 scrolls of identify.
  4671 | D:5      | 4671 ||| IDENTIFYING murky grey potion
  4672 | D:5      | 4672 ||| DROPPING potion of brilliance.
  4741 | D:6      | 4741 ||| Stepping ~*~*~tactically~*~*~ (stealth).
  4743 | D:6      | 4743 ||| Stepping ~*~*~tactically~*~*~ (hiding).
  4748 | D:6      | 4748 ||| DRINKING 3 potions of curing.
  4748 | D:6      | 4748 ||| (to cure confusion)
  4918 | D:6      | Reached skill level 1 in Invocations
  4918 | D:6      | Reached XP level 8. HP: 46/46 MP: 12/12
  4968 | D:6      | 4968 ||| INVOKING Heroism.
  4991 | D:6      | Found Ejewkonu's Antique Weapon Shop.
  5011 | D:6      | 5011 ||| BUYING runed broad axe (168 gold).
  5011 | D:6      | Bought a runed broad axe for 168 gold pieces
  5011 | D:6      | 5011 ||| BUYING runed mace (144 gold).
  5011 | D:6      | Bought a runed mace for 144 gold pieces
  5011 | D:6      | 5011 ||| SHOPLISTING twisted flail (204 gold, have 63).
  5011 | D:6      | 5011 ||| DROPPING +1 broad axe of venom.
  5012 | D:6      | 5012 ||| DROPPING +3 mace.
  5024 | D:6      | 5024 ||| INVOKING Heroism.
  5438 | D:6      | Reached skill level 8 in Axes
  5552 | D:6      | 5552 ||| READING scroll labelled GOKHEI PYSIZ.
  5553 | D:6      | 5553 ||| READING scroll labelled VAMOTAONU.
  5554 | D:6      | 5554 ||| READING 5 scrolls of identify.
  5554 | D:6      | 5554 ||| IDENTIFYING blue potion
  5555 | D:6      | 5555 ||| READING 4 scrolls of identify.
  5555 | D:6      | 5555 ||| IDENTIFYING inky potion
  5556 | D:6      | 5556 ||| DROPPING potion of flight.
  5639 | D:7      | Reached skill level 3 in Invocations
  5715 | D:7      | 5715 ||| Stepping ~*~*~tactically~*~*~ (stealth).
  5717 | D:7      | 5717 ||| Stepping ~*~*~tactically~*~*~ (hiding).
  5724 | D:7      | 5724 ||| INVOKING Heroism.
  5727 | D:7      | HP: 10/45 [wight/+0 battleaxe (3)]
  5728 | D:7      | 5728 ||| READING scroll of teleportation.
  5729 | D:7      | 5729 ||| DRINKING 2 potions of heal wounds.
  5730 | D:7      | 5730 ||| DRINKING potion of heal wounds.
  5804 | D:7      | Reached ** piety under Okawaru
  6011 | D:7      | 6011 ||| INVOKING Heroism.
  6109 | D:7      | 6109 ||| Stepping ~*~*~tactically~*~*~ (hiding).
  6111 | D:7      | 6111 ||| INVOKING Heroism.
  6123 | D:7      | Reached skill level 3 in Armour
  6125 | D:7      | Reached XP level 9. HP: 38/50 MP: 11/13
  6133 | D:7      | 6133 ||| INVOKING Heroism.
  6159 | D:7      | 6159 ||| DROPPING +0 flail.
  6352 | D:8      | Found a staircase to the Lair.
  6412 | D:8      | Noticed an unseen horror
  6422 | D:8      | Killed an unseen horror
  6423 | D:8      | Reached skill level 9 in Axes
  6425 | D:8      | 6425 ||| INVOKING Heroism.
  6474 | D:8      | Found a runed translucent gate.
  6474 | D:8      | Found a runed translucent gate.
  6474 | D:8      | Found a runed translucent gate.
  6475 | D:8      | Found a viscous altar of Jiyva.
  6475 | D:8      | Noticed qw's ghost (novice TeWr)
  6492 | D:8      | 6492 ||| Stepping ~*~*~tactically~*~*~ (stealth).
  6498 | D:8      | Reached *** piety under Okawaru
  6507 | D:8      | Reached skill level 6 in Shields
  6510 | D:8      | Reached skill level 10 in Axes
  6631 | D:8      | 6631 ||| INVOKING Heroism.
  6675 | D:8      | 6675 ||| INVOKING Heroism.
  6683 | D:8      | Reached XP level 10. HP: 59/59 MP: 12/14
  6803 | D:8      | 6803 ||| INVOKING Heroism.
  7090 | D:8      | 7090 ||| READING scroll labelled LOPNEO ISMIU.
  7091 | D:8      | 7091 ||| PLANNING LAIR
  7132 | Lair:1   | Entered Level 1 of the Lair of Beasts
  7132 | Lair:1   | Noticed Nergalle
  7132 | Lair:1   | Noticed a cane toad
  7133 | Lair:1   | 7133 ||| INVOKING Heroism.
  7144 | Lair:1   | Killed a cane toad
  7144 | Lair:1   | Reached **** piety under Okawaru
  7145 | Lair:1   | Reached skill level 11 in Axes
  7154 | Lair:1   | Killed Nergalle
  7263 | Lair:1   | Noticed a cane toad
  7264 | Lair:1   | 7264 ||| Stepping ~*~*~tactically~*~*~ (stealth).
  7266 | Lair:1   | 7266 ||| Stepping ~*~*~tactically~*~*~ (stealth).
  7268 | Lair:1   | 7268 ||| INVOKING Heroism.
  7269 | Lair:1   | 7269 ||| Stepping ~*~*~tactically~*~*~ (stealth).
  7290 | Lair:1   | Killed a cane toad
  7438 | Lair:1   | 7438 ||| INVOKING Heroism.
  7564 | Lair:1   | Noticed a cane toad
  7565 | Lair:1   | 7565 ||| INVOKING Heroism.
  7570 | Lair:1   | Killed a cane toad
  7571 | Lair:1   | Reached skill level 6 in Invocations
  7618 | Lair:1   | Noticed a cane toad
  7619 | Lair:1   | 7619 ||| INVOKING Heroism.
  7627 | Lair:1   | Killed a cane toad
  7627 | Lair:1   | Reached ***** piety under Okawaru
  7628 | Lair:1   | Reached skill level 12 in Axes
  7628 | Lair:1   | Reached XP level 11. HP: 46/64 MP: 14/16
  7672 | Lair:1   | 7672 ||| INVOKING Heroism.
  7922 | Lair:1   | 7922 ||| READING 4 scrolls of identify.
  7922 | Lair:1   | 7922 ||| IDENTIFYING lumpy golden potion
  7923 | Lair:1   | 7923 ||| DROPPING potion of berserk rage.
  7941 | Lair:2   | 7941 ||| INVOKING Heroism.
  7949 | Lair:2   | Received a gift from Okawaru
  7950 | Lair:2   | Reached skill level 6 in Fighting
  7993 | Lair:2   | 7993 ||| INVOKING Heroism.
  8044 | Lair:2   | 8044 ||| INVOKING Heroism.
  8129 | Lair:2   | 8129 ||| INVOKING Heroism.
  8207 | Lair:2   | 8207 ||| INVOKING Heroism.
  8275 | Lair:2   | Noticed an oklob plant
  8276 | Lair:2   | 8276 ||| INVOKING Heroism.
  8277 | Lair:2   | 8277 ||| INVOKING Finesse.
  8296 | Lair:2   | Killed an oklob plant
  8463 | Lair:2   | 8463 ||| INVOKING Heroism.
  8465 | Lair:2   | 8465 ||| Stepping ~*~*~tactically~*~*~ (stealth).
  8605 | Lair:2   | 8605 ||| INVOKING Heroism.
  8840 | Lair:2   | 8840 ||| UPGRADING to +1 hat.
  8845 | Lair:2   | 8845 ||| UPGRADING to scarf of repulsion.
  8855 | Lair:2   | 8855 ||| READING scroll labelled RICHUX LILI.
  8886 | Lair:2   | 8886 ||| READING scroll labelled PUZXAL PINNA.
  8909 | Lair:3   | 8909 ||| Stepping ~*~*~tactically~*~*~ (hiding).
  8914 | Lair:3   | 8914 ||| INVOKING Heroism.
  8955 | Lair:3   | 8955 ||| Stepping ~*~*~tactically~*~*~ (stealth).
  8958 | Lair:3   | 8958 ||| INVOKING Heroism.
  9021 | Lair:3   | 9021 ||| INVOKING Heroism.
  9092 | Lair:3   | Reached skill level 9 in Invocations
  9107 | Lair:3   | Found a staircase to the Swamp.
  9107 | Lair:3   | Noticed a will-o-the-wisp
  9113 | Lair:3   | 9113 ||| INVOKING Heroism.
  9116 | Lair:3   | Killed a will-o-the-wisp
  9117 | Lair:3   | Reached XP level 12. HP: 60/70 MP: 16/19
  9395 | Lair:3   | 9395 ||| Stepping ~*~*~tactically~*~*~ (hiding).
  9401 | Lair:3   | 9401 ||| INVOKING Heroism.
  9404 | Lair:3   | Found a staircase to the Snake Pit.
  9417 | Lair:3   | Received a gift from Okawaru
  9449 | Lair:3   | 9449 ||| Stepping ~*~*~tactically~*~*~ (stealth).
  9458 | Lair:3   | Reached skill level 13 in Axes
  9525 | Lair:3   | 9525 ||| INVOKING Heroism.
  9526 | Lair:3   | 9526 ||| Stepping ~*~*~tactically~*~*~ (stealth).
  9564 | Lair:3   | 9564 ||| Stepping ~*~*~tactically~*~*~ (stealth).
  9565 | Lair:3   | 9565 ||| Stepping ~*~*~tactically~*~*~ (stealth).
  9567 | Lair:3   | 9567 ||| Stepping ~*~*~tactically~*~*~ (stealth).
  9568 | Lair:3   | 9568 ||| Stepping ~*~*~tactically~*~*~ (stealth).
  9569 | Lair:3   | 9569 ||| Stepping ~*~*~tactically~*~*~ (stealth).
  9570 | Lair:3   | 9570 ||| Stepping ~*~*~tactically~*~*~ (stealth).
  9737 | Lair:3   | 9737 ||| INVOKING Heroism.
  9799 | Lair:3   | 9799 ||| Stepping ~*~*~tactically~*~*~ (stealth).
  9804 | Lair:3   | Identified the +0 ring mail of Negation {Dex+4} (Okawaru
                  | gifted it to you on level 3 of the Lair of Beasts)
  9804 | Lair:3   | Received a gift from Okawaru
  9836 | Lair:3   | 9836 ||| DROPPING +0 ring mail of Negation {Dex+4}.
  9837 | Lair:3   | 9837 ||| READING 8 scrolls of identify.
  9837 | Lair:3   | 9837 ||| IDENTIFYING murky ruby potion
  9838 | Lair:3   | 9838 ||| READING 7 scrolls of identify.
  9838 | Lair:3   | 9838 ||| IDENTIFYING clear potion
  9839 | Lair:3   | 9839 ||| DROPPING potion of attraction.
  9860 | Lair:4   | 9860 ||| STAIRDANCE
  9862 | Lair:3   | 9862 ||| INVOKING Heroism.
  9892 | Lair:4   | 9892 ||| STAIRDANCE
  9901 | Lair:4   | 9901 ||| STAIRDANCE
  9905 | Lair:3   | 9905 ||| INVOKING Heroism.
  9910 | Lair:3   | HP: 12/70 [komodo dragon (21)]
  9911 | Lair:3   | 9911 ||| READING 2 scrolls of teleportation.
  9912 | Lair:3   | 9912 ||| DRINKING potion of heal wounds.
 10046 | Lair:4   | Found a staircase to the Slime Pits.
 10048 | Lair:4   | Found a viscous altar of Jiyva.
 10062 | Lair:4   | 10062 ||| INVOKING Heroism.
 10150 | Lair:4   | Reached skill level 14 in Axes
 10203 | Lair:4   | 10203 ||| INVOKING Heroism.
 10420 | Lair:4   | 10420 ||| INVOKING Heroism.
 10675 | Lair:4   | 10675 ||| INVOKING Heroism.
 10704 | Lair:4   | 10704 ||| READING scroll of enchant armour.
 10704 | Lair:4   | 10704 ||| ENCHANTING +1 hat.
 10855 | Lair:5   | Entered Level 5 of the Lair of Beasts
 10856 | Lair:5   | 10856 ||| STAIRDANCE
 10864 | Lair:5   | 10864 ||| INVOKING Heroism.
 10865 | Lair:5   | 10865 ||| STAIRDANCE
 10870 | Lair:4   | Reached skill level 3 in Throwing
 10926 | Lair:5   | Noticed a boulder beetle
 10927 | Lair:5   | 10927 ||| Stepping ~*~*~tactically~*~*~ (stealth).
 10937 | Lair:5   | 10937 ||| Stepping ~*~*~tactically~*~*~ (stealth).
 10939 | Lair:5   | 10939 ||| INVOKING Heroism.
 10940 | Lair:5   | 10940 ||| INVOKING Finesse.
 10956 | Lair:5   | Killed a boulder beetle
 11025 | Lair:5   | 11025 ||| INVOKING Heroism.
 11046 | Lair:5   | 11046 ||| Stepping ~*~*~tactically~*~*~ (stealth).
 11048 | Lair:5   | 11048 ||| Stepping ~*~*~tactically~*~*~ (stealth).
 11089 | Lair:5   | Reached skill level 9 in Shields
 11126 | Lair:5   | 11126 ||| INVOKING Heroism.
 11136 | Lair:5   | Reached XP level 13. HP: 69/76 MP: 19/21
 11194 | Lair:5   | 11194 ||| INVOKING Heroism.
 11244 | Lair:5   | 11244 ||| INVOKING Heroism.
 11331 | Lair:5   | 11331 ||| FLEEEEING.
 11332 | Lair:5   | 11332 ||| FLEEEEING.
 11333 | Lair:5   | 11333 ||| FLEEEEING.
 11334 | Lair:5   | 11334 ||| FLEEEEING.
 11335 | Lair:5   | 11335 ||| FLEEEEING.
 11336 | Lair:5   | 11336 ||| FLEEEEING.
 11350 | Lair:5   | 11350 ||| FLEEEEING.
 11521 | Lair:5   | Identified the +6 long sword of Lekatiom {flame, *Slow
                  | rF+++ Int+5}
 11541 | Lair:5   | 11541 ||| INVOKING Heroism.
 11545 | Lair:5   | Reached skill level 6 in Armour
 11644 | Lair:5   | Found a runed translucent door.
 11645 | Lair:5   | Noticed an ice dragon
 11646 | Lair:5   | 11646 ||| INVOKING Heroism.
 11688 | Lair:5   | 11688 ||| INVOKING Heroism.
 11724 | Lair:5   | 11724 ||| Stepping ~*~*~tactically~*~*~ (hiding).
 11732 | Lair:5   | 11732 ||| INVOKING Heroism.
 11743 | Lair:5   | Received a gift from Okawaru
 11751 | Lair:5   | 11751 ||| INVOKING Heroism.
 11752 | Lair:5   | HP: 18/78 [tyrant leech (8)]
 11753 | Lair:5   | 11753 ||| READING 2 scrolls of teleportation.
 11759 | Lair:5   | 11759 ||| FLEEEEING.
 11760 | Lair:5   | 11760 ||| FLEEEEING.
 11762 | Lair:5   | 11762 ||| FLEEEEING.
 11763 | Lair:5   | 11763 ||| FLEEEEING.
 11764 | Lair:5   | 11764 ||| FLEEEEING.
 11765 | Lair:5   | 11765 ||| FLEEEEING.
 11766 | Lair:5   | 11766 ||| FLEEEEING.
 11767 | Lair:5   | 11767 ||| FLEEEEING.
 11768 | Lair:5   | 11768 ||| FLEEEEING.
 11769 | Lair:5   | 11769 ||| FLEEEEING.
 11770 | Lair:5   | 11770 ||| FLEEEEING.
 11771 | Lair:5   | 11771 ||| FLEEEEING.
 11772 | Lair:5   | 11772 ||| FLEEEEING.
 11782 | Lair:5   | 11782 ||| FLEEEEING.
 11783 | Lair:5   | 11783 ||| FLEEEEING.
 11784 | Lair:5   | 11784 ||| FLEEEEING.
 11785 | Lair:5   | 11785 ||| FLEEEEING.
 11786 | Lair:5   | 11786 ||| FLEEEEING.
 11787 | Lair:5   | 11787 ||| FLEEEEING.
 11790 | Lair:5   | 11790 ||| FLEEEEING.
 11795 | Lair:5   | 11795 ||| FLEEEEING.
 11796 | Lair:5   | 11796 ||| FLEEEEING.
 11797 | Lair:5   | 11797 ||| FLEEEEING.
 11798 | Lair:5   | 11798 ||| FLEEEEING.
 11803 | Lair:5   | 11803 ||| FLEEEEING.
 11804 | Lair:5   | 11804 ||| FLEEEEING.
 11805 | Lair:5   | 11805 ||| FLEEEEING.
 11806 | Lair:5   | 11806 ||| FLEEEEING.
 11818 | Lair:5   | 11818 ||| FLEEEEING.
 11819 | Lair:5   | 11819 ||| FLEEEEING.
 11820 | Lair:5   | 11820 ||| FLEEEEING.
 11821 | Lair:5   | 11821 ||| FLEEEEING.
 11822 | Lair:5   | 11822 ||| FLEEEEING.
 11823 | Lair:5   | 11823 ||| FLEEEEING.
 11824 | Lair:5   | 11824 ||| FLEEEEING.
 11825 | Lair:5   | 11825 ||| FLEEEEING.
 11826 | Lair:5   | 11826 ||| FLEEEEING.
 11827 | Lair:5   | 11827 ||| FLEEEEING.
 11828 | Lair:5   | 11828 ||| FLEEEEING.
 11829 | Lair:5   | 11829 ||| FLEEEEING.
 11830 | Lair:5   | 11830 ||| FLEEEEING.
 11831 | Lair:5   | 11831 ||| FLEEEEING.
 11832 | Lair:5   | 11832 ||| STAIRDANCE
 11836 | Lair:5   | 11836 ||| INVOKING Heroism.
 11939 | Lair:5   | 11939 ||| Stepping ~*~*~tactically~*~*~ (stealth).
 11940 | Lair:5   | 11940 ||| Stepping ~*~*~tactically~*~*~ (stealth).
 11941 | Lair:5   | 11941 ||| INVOKING Heroism.
 11966 | Lair:5   | Reached skill level 9 in Fighting
 11967 | Lair:5   | 11967 ||| Stepping ~*~*~tactically~*~*~ (stealth).
 11977 | Lair:5   | 11977 ||| Stepping ~*~*~tactically~*~*~ (stealth).
 12013 | Lair:5   | 12013 ||| Stepping ~*~*~tactically~*~*~ (stealth).
 12016 | Lair:5   | 12016 ||| Stepping ~*~*~tactically~*~*~ (hiding).
 12019 | Lair:5   | 12019 ||| INVOKING Heroism.
 12029 | Lair:5   | 12029 ||| INVOKING Finesse.
 12034 | Lair:5   | 12034 ||| SWAPPING to +4 flail of freezing.
 12043 | Lair:5   | 12043 ||| SWAPPING to +10 hand axe of Cowardice {vamp,
                  | Str+2}.
 12083 | Lair:5   | 12083 ||| Stepping ~*~*~tactically~*~*~ (hiding).
 12088 | Lair:5   | 12088 ||| INVOKING Heroism.
 12094 | Lair:5   | Reached skill level 6 in Dodging
 12105 | Lair:5   | 12105 ||| Stepping ~*~*~tactically~*~*~ (hiding).
 12113 | Lair:5   | 12113 ||| INVOKING Finesse.
 12120 | Lair:5   | 12120 ||| Stepping ~*~*~tactically~*~*~ (cloud).
 12124 | Lair:5   | 12124 ||| Stepping ~*~*~tactically~*~*~ (cloud).
 12125 | Lair:5   | 12125 ||| Stepping ~*~*~tactically~*~*~ (cloud).
 12127 | Lair:5   | 12127 ||| Stepping randomly (cloudy).
 12128 | Lair:5   | 12128 ||| Stepping ~*~*~tactically~*~*~ (cloud).
 12129 | Lair:5   | 12129 ||| Stepping randomly (cloudy).
 12130 | Lair:5   | Identified the +3 scale mail of Astas {Fly rCorr Int+3}
                  | (Okawaru gifted it to you on level 5 of the Lair of Beasts)
 12130 | Lair:5   | Received a gift from Okawaru
 12173 | Lair:5   | 12173 ||| INVOKING Heroism.
 12179 | Lair:5   | 12179 ||| INVOKING Finesse.
 12181 | Lair:5   | 12181 ||| SWAPPING to +4 flail of freezing.
 12183 | Lair:5   | 12183 ||| Stepping ~*~*~tactically~*~*~ (cloud).
 12186 | Lair:5   | 12186 ||| Stepping ~*~*~tactically~*~*~ (outnumbered).
 12189 | Lair:5   | 12189 ||| Stepping ~*~*~tactically~*~*~ (outnumbered).
 12193 | Lair:5   | HP: 17/80 [six-headed hydra (11)]
 12193 | Lair:5   | HP: 5/80 [six-headed hydra (12)]
 12193 | Lair:5   | Slain by a six-headed hydra

Levels and vault maps discovered:
D:1:      psy_arrival_conway, layout_rooms, nicolae_figureground_sparkle
D:2:      layout_loops_corners, uniq_natasha
D:3:      cheibrodos_greedy_goblins, layout_basic, mainiacjoe_overflow_two_lobes
D:4:      layout_cave_pools
D:5:      layout_loops_ring, minmay_temple_entry_gardened_gates, uniq_ijyb
D:6:      layout_gridville, serial_shops, shop_statue
D:7:      layout_basic
D:8:      layout_gridville, dpeg_oklobed_lair, gammafunk_ghost_ooze
Temple:   compressed_dpeg_triangle_lava_temple
Lair:1:   layout_gridlike, uniq_nergalle
Lair:2:   layout_roguey
Lair:3:   layout_misc_corridors, minmay_swamp_entry_wisps,
          minmay_snake_entry_guardpost_large, chequers_serial_rivers_micro_b
Lair:4:   layout_cave_pods, slime_entry_1
Lair:5:   wormcave, layout_concentric_octagons, hangedman_lair_in_review,
          serial_bayou_ford_a

Skill      XL: |  1  2  3  4  5  6  7  8  9 10 11 12 13 |
---------------+----------------------------------------+-----
Axes           | 3 4 6 7 8 10 12 14 | 14.0
Shields        | 2 3 4 5 6 7 8 9 10 | 10.1
Dodging        | 3 5 6 |  6.0
Fighting       | 3 5 6 7 9 |  9.1
Armour         | 2 3 4 5 7 |  7.2
Invocations    | 1 4 6 9 10 | 10.0
Throwing       | 2 4 |  4.4
Spellcasting   | |  2.0
Translocations | |  2.4

Action                   |  1- 3 |  4- 6 |  7- 9 | 10-12 | 13-15 || total
-------------------------+-------+-------+-------+-------+-------++-------
Melee: Hand axe          |    48 |    97 |   196 |   383 |   225 ||   949
       Kick              |    13 |    24 |    69 |   135 |   113 ||   354
       Peck              |     7 |    22 |    45 |    82 |    67 ||   223
       Punch             |     1 |       |       |       |       ||     1
       Flail             |       |       |       |       |    15 ||    15
Throw: Boomerang         |    39 |    13 |    17 |    67 |    32 ||   168
       Javelin           |       |    35 |    15 |    29 |     7 ||    86
Invok: Heroism           |       |       |     9 |    32 |    12 ||    53
       Finesse           |       |       |       |     2 |     3 ||     5
  Use: Scroll            |       |    13 |     6 |     8 |     1 ||    28
       Potion            |       |     3 |     3 |     1 |       ||     7
 Stab: Petrified         |       |       |       |       |     2 ||     2
Armor: Leather armour    |     9 |       |       |       |       ||     9
       Ring mail         |       |    22 |     8 |       |       ||    30
       Chain mail        |       |       |    35 |    64 |    68 ||   167
Dodge: Dodged            |    29 |    33 |    48 |    97 |    70 ||   277
       Repelled          |       |       |       |     1 |     2 ||     3
Block: Kite shield       |       |    52 |    74 |   139 |   117 ||   382

Table legend:
 A = Non-vault XP
 B = Vault XP
 C = Vault XP percentage of total XP
 D = Non-vault monster count
 E = Vault monster count
 F = Vault count percentage of total count
                 A         B        C        D         E       F
            +---------+---------+-------+---------+---------+-------
      Total |   35803 |   12366 |  25.7 |     262 |      44 |  14.4
            +---------+---------+-------+---------+---------+-------
        D:1 |      61 |       0 |   0.0 |      34 |       0 |   0.0
        D:2 |     119 |      36 |  23.2 |      20 |       1 |   4.8
        D:3 |      24 |      19 |  44.2 |      14 |      10 |  41.7
        D:4 |     287 |       0 |   0.0 |      12 |       0 |   0.0
        D:5 |     521 |      36 |   6.5 |      12 |       1 |   7.7
        D:6 |     589 |       0 |   0.0 |      17 |       0 |   0.0
        D:7 |    1036 |       0 |   0.0 |      19 |       0 |   0.0
        D:8 |    2369 |       0 |   0.0 |      18 |       0 |   0.0
     Lair:1 |    4575 |     771 |  14.4 |      21 |       1 |   4.5
     Lair:2 |    5224 |       0 |   0.0 |      17 |       0 |   0.0
     Lair:3 |    7277 |    1009 |  12.2 |      27 |       4 |  12.9
     Lair:4 |    4417 |       0 |   0.0 |      19 |       0 |   0.0
     Lair:5 |    9304 |   10495 |  53.0 |      32 |      27 |  45.8
            +---------+---------+-------+---------+---------+-------
